 Dungeon Crawl Stone Soup version 0.27-a0-13-g87abb2d9eb (webtiles) character file.

Game seed: 1931874259732282177

1878 voltaire321 the Firebug (level 9, 0/60 HPs)
             Began as an Octopode Fire Elementalist on Jan 2, 2021.
             Was a Follower of Sif Muna.
             Slain by Crazy Yiuf
             ... wielding a +2 quarterstaff of chaos
              (13 damage)
             ... on level 6 of the Dungeon.
             The game lasted 00:33:24 (8941 turns).

voltaire321 the Firebug (OpFE)                      Turns: 8941, Time: 00:33:24

Health: 0/60       AC:  1    Str:  7    XL:     9   Next: 14%
Magic:  16/16      EV: 17    Int: 20    God:    Sif Muna [*.....]
Gold:   140        SH:  0    Dex: 19    Spells: 10/18 levels left

rFire    . . .     SeeInvis +   t - +2 trident (venom)
rCold    . . .     Faith    .   (no shield)
rNeg     . . .     Spirit   .   (helmet restricted)
rPois    .         Reflect  .   (no amulet)
rElec    .         Harm     .   q - ring of resist corrosion
rCorr    +         Rampage  .   k - ring of see invisible
Will     .....                  s - +6 ring of dexterity
Stlth    +++.......             (no ring)
HPRegen  0.20/turn              (no ring)
MPRegen  0.15/turn              (no ring)
                                (no ring)
                                (no ring)

@: no status effects
A: almost no armour, stealthy swim, amphibious, 8 rings, constrict 8, camouflage
1, gelatinous body 1
a: Renounce Religion, Channel Magic


You were on level 6 of the Dungeon.
You worshipped Sif Muna.
Sif Muna was aware of your devotion.
You visited 2 branches of the dungeon, and saw 7 of its levels.
You also visited: Sewer.

You collected 228 gold pieces.
You spent 88 gold pieces at shops.

Inventory:

Hand Weapons
 r - a +4 dagger
 t - a +2 trident of venom (weapon)
Jewellery
 g - an uncursed ring of ice
 k - a ring of see invisible (right tentacle)
 q - a ring of resist corrosion (left tentacle)
 s - a +6 ring of dexterity (on tentacle)
Wands
 c - a wand of enslavement (13)
 e - a wand of digging (3)
 m - a wand of random effects (28)
 A - a wand of flame (16)
Scrolls
 a - 2 scrolls of teleportation
 b - a scroll of identify
 d - 2 scrolls of immolation
 i - 3 scrolls of enchant armour
 j - 3 scrolls of amnesia
 l - 2 scrolls of remove curse
 u - 2 scrolls of fog
 w - a scroll of blinking
 y - a scroll of enchant weapon
Potions
 f - 3 potions of heal wounds
 h - 2 potions of lignification
 n - a potion of cancellation
 o - 3 potions of curing
 p - 2 potions of berserk rage {unknown}
 v - 2 potions of flight
 x - 2 potions of magic
 z - 2 potions of might


   Skills:
 + Level 4.9 Fighting
 + Level 5.4 Dodging
 - Level 2.6 Stealth
 + Level 5.1 Spellcasting
 + Level 5.1 Conjurations
 + Level 6.0 Fire Magic


You had 10 spell levels left.
You knew the following spells:

 Your Spells              Type           Power        Failure   Level
a - Foxfire               Conj/Fire      100%         1%          1
b - Conjure Flame         Conj/Fire      27%          3%          3
c - Sticky Flame          Conj/Fire      27%          12%         4

Your spell library contained the following spells:

 Spells                   Type           Power        Failure   Level
 Inner Flame              Hex/Fire       17%          10%         3
 Fireball                 Conj/Fire      13%          32%         5


Dungeon Overview and Level Annotations

Branches:
Dungeon (6/15)             Temple (1/1) D:5           Sewer (visited)

Altars:
Ashenzari
Cheibriados
Dithmenos
Fedhas
Gozag
Hepliaklqana
Makhleb
Nemelex Xobeh
Okawaru
Qazlal
Ru
Sif Muna
Trog
Uskayaw
Wu Jian
Xom
Yredelemnul
Zin
The Shining One

Shops:
D:4 !

Annotations:
D:4 3 runed translucent doors, Anias's ghost, weakling OpDe
D:6 Crazy Yiuf


Innate Abilities, Weirdness & Mutations

You cannot wear most types of armour.
You are very stealthy in the water. (Stealth+)
You are amphibious.
You can wear up to eight rings at the same time.
You can use your tentacles to constrict eight enemies at once.
Your skin changes colour to match your surroundings (Stealth+).
Your rubbery body absorbs attacks. (AC +1, EV +1)


Message History

You hit Crazy Yiuf.
Crazy Yiuf is poisoned.
Your grab misses Crazy Yiuf.
Crazy Yiuf is lightly wounded.
Crazy Yiuf barely misses you.
You hit Crazy Yiuf but do no damage.
Crazy Yiuf looks as sick as possible!
You grab Crazy Yiuf.
Crazy Yiuf is lightly wounded.
You constrict Crazy Yiuf, but do no damage.
Crazy Yiuf hits you with a +2 quarterstaff of chaos!
Crazy Yiuf burns you.
Crazy Yiuf screams, "Trifle leg cloud!"
Crazy Yiuf hits you with a +2 quarterstaff of chaos!
Space warps horribly around you!!
* * * LOW HITPOINT WARNING * * *
You are too injured to fight recklessly!
You hit Crazy Yiuf.
Crazy Yiuf is moderately wounded.
You constrict Crazy Yiuf.
Crazy Yiuf laughs, "Scoff noodlescoop bag!"
Crazy Yiuf hits you with a +2 quarterstaff of chaos!
You die...

####♣♣ ### ##..#.♣♣ ♣♣#).)#
#......♣♣♣♣@g...#
##.......♣..♣#...#
#..#.#..♣)♣♣♣ ###
#.####♣♣♣♣♣ #.# #.# ######
############
#####.###.#..###...........
...............#...........
...............'...........


You could see Crazy Yiuf (extremely poisoned).

Vanquished Creatures
  2 ice beasts
  A phantom (D:4)
  A centaur (D:5)
  Blork the orc (D:6)
  5 big kobolds (Sewer)
  2 scorpions
  4 wights (D:6)
  2 howler monkeys
  4 hounds
  Jessica (D:2)
  A bullfrog skeleton (D:5)
  A gnoll shaman (D:5)
  3 iguanas
  3 worker ants
  15 gnolls
  15 adders
  2 river rats (Sewer)
  A white imp (D:5)
  An ufetubus (D:5)
  2 oozes (Sewer)
  3 worms
  2 leopard geckos
  5 orcs
  3 bats
  3 giant cockroaches
  10 goblins
  6 hobgoblins
  7 jackals
  12 kobolds
  A quokka (D:5)
  9 ball pythons
  6 frilled lizards
  A jackal zombie (D:5)
  10 rats
145 creatures vanquished.

Vanquished Creatures (others)
  367 foxfires
367 creatures vanquished.

Grand Total: 512 creatures vanquished

Notes
Turn   | Place    | Note
-------+----------+-------------------------------------------
     0 | D:1      | voltaire321 the Octopode Fire Elementalist began the quest
                  | for the Orb.
     0 | D:1      | Reached XP level 1. HP: 11/11 MP: 3/3
    22 | D:1      | You fall into a shaft and drop 1 floor!
    27 | D:2      | Reached XP level 2. HP: 18/18 MP: 1/5
   319 | D:2      | Reached skill level 1 in Fighting
   319 | D:2      | Reached XP level 3. HP: 10/23 MP: 2/6
   907 | D:1      | You fall into a shaft and drop 1 floor!
   907 | D:2      | Found an iron altar of Okawaru.
   919 | D:1      | Reached XP level 4. HP: 15/28 MP: 2/7
  1058 | D:1      | Learned a level 3 spell: Conjure Flame
  1343 | D:2      | Found a basalt altar of Yredelemnul.
  1343 | D:2      | Found a shimmering blue altar of Sif Muna.
  1344 | D:2      | Found a shimmering altar of Xom.
  1741 | D:2      | Noticed Jessica
  1747 | D:2      | Killed Jessica
  1957 | D:2      | Found a snail-covered altar of Cheibriados.
  2051 | D:2      | Found a sparkling altar of Nemelex Xobeh.
  2296 | D:3      | Reached XP level 5. HP: 34/34 MP: 6/9
  2371 | D:3      | Found a shadowy altar of Dithmenos.
  3143 | D:3      | Found a blossoming altar of Fedhas.
  3383 | D:4      | Noticed an ogre
  3464 | D:4      | Noticed a phantom
  3484 | D:4      | Reached XP level 6. HP: 32/39 MP: 5/10
  3572 | D:4      | Killed a phantom
  3573 | D:4      | Reached skill level 4 in Fire Magic
  3821 | D:4      | Found Juph's Distillery.
  3837 | D:4      | Reached XP level 7. HP: 25/45 MP: 6/12
  4003 | D:4      | Bought a potion of curing for 33 gold pieces
  4003 | D:4      | Bought a potion of heal wounds for 55 gold pieces
  4014 | D:4      | Found a runed translucent gate.
  4014 | D:4      | Found a runed translucent gate.
  4014 | D:4      | Found a runed translucent gate.
  4019 | D:4      | Noticed Anias's ghost (weakling OpDe)
  4370 | D:5      | Entered Level 5 of the Dungeon
  5351 | D:5      | Learned a level 4 spell: Sticky Flame
  5505 | D:5      | Reached XP level 8. HP: 12/52 MP: 7/14
  5993 | D:5      | Reached skill level 5 in Fire Magic
  6901 | D:5      | Found a glowing golden altar of the Shining One.
  6953 | D:5      | Found a staircase to the Ecumenical Temple.
  6969 | Temple   | Entered the Ecumenical Temple
  7300 | D:2      | Became a worshipper of Sif Muna the Loreminder
  7603 | D:6      | Found a glowing drain.
  7615 | D:6      | Noticed Blork the orc
  7626 | D:6      | Killed Blork the orc
  7647 | Sewer    | Entered a sewer
  7879 | Sewer    | Reached skill level 5 in Dodging
  8411 | Sewer    | Reached XP level 9. HP: 52/59 MP: 16/16
  8474 | Sewer    | Reached * piety under Sif Muna
  8632 | D:6      | Reached skill level 5 in Spellcasting
  8654 | D:6      | Reached skill level 5 in Conjurations
  8672 | D:6      | Reached skill level 6 in Fire Magic
  8934 | D:6      | Found a runed translucent door.
  8935 | D:6      | Noticed Crazy Yiuf
  8941 | D:6      | Slain by Crazy Yiuf

Illustrated notes

Levels and vault maps discovered:
D:1:      ncdulo_wetmaze, layout_basic, minmay_pentomino_t2
D:2:      layout_basic, marbit_many_paths, old_standard_altar,
          old_standard_altar, chequers_temple_overflow_statue_of_worship,
          uniq_jessica
D:3:      layout_rooms, overflow_temple_1_default, grunt_ministairs_15,
          nicolae_dithmenos_shadow_blocks
D:4:      layout_rooms, serial_shops, shop_fountains, gammafunk_ghost_necromancy
D:5:      layout_loops_ring, general_overflow_altar, minmay_temple_entry_trees,
          st_stairs_4, minmay_crystal_room, minmay_quadrilaterals
D:6:      layout_gridville, portal_sewer_entry_b, uniq_blork_the_orc,
          uniq_prince_ribbit1, uniq_crazy_yiuf_cottage
Temple:   jpeg_temple_clearing

Skill      XL: |  1  2  3  4  5  6  7  8  9 |
---------------+----------------------------+-----
Fighting       | 1 2 3 4 |  4.9
Conjurations   | 2 3 4 5 |  5.1
Dodging        | 3 4 5 |  5.4
Spellcasting   | 3 4 5 |  5.1
Fire Magic     | 4 5 6 |  6.0
Stealth        | |  2.6

Action                   |  1- 3 |  4- 6 |  7- 9 || total
-------------------------+-------+-------+-------++-------
Melee: Dagger            |       |    37 |    71 ||   108
       Constrict         |       |     8 |    19 ||    27
       Tentacles         |       |     5 |    28 ||    33
       Trident           |       |       |    55 ||    55
 Cast: Foxfire           |    28 |    85 |   111 ||   224
       Conjure Flame     |       |       |     8 ||     8
       Sticky Flame      |       |       |     1 ||     1
Evoke: Wand              |       |       |     2 ||     2
  Use: Scroll            |       |       |    15 ||    15
       Potion            |       |       |     2 ||     2
 Stab: Sleeping          |       |     7 |     5 ||    12
Armor: Skin              |     1 |     4 |     6 ||    11
Dodge: Dodged            |     8 |    54 |   160 ||   222

Table legend: (Time is in decaauts)
 A = Elapsed time spent in this place.
 B = Non-inter-level travel time spent in this place.
 C = Inter-level travel time spent in this place.
 D = Time resting spent in this place.
 E = Time spent auto-exploring this place.
 F = Levels seen in this place.
 G = Mean time per level.
                   A        B        C        D        E       F      G
               +--------+--------+--------+--------+--------+-----+--------+
         Total |   8961 |   8782 |    179 |   3632 |   2571 |   8 | 1120.1 |
       Dungeon |   7943 |   7765 |    178 |   3153 |   2273 |   6 | 1323.8 |
        Temple |    136 |    135 |      1 |      0 |    110 |   1 |  136.0 |
         Sewer |    881 |    881 |      0 |    479 |    188 |   1 |  881.0 |
               +--------+--------+--------+--------+--------+-----+--------+

Top non-repeatable levels by time:
     D:5: 2490 daAuts
     D:4: 1529 daAuts
     D:2: 1449 daAuts
     D:3: 1214 daAuts
   Sewer: 881 daAuts
     D:1: 784 daAuts
     D:6: 474 daAuts
  Temple: 136 daAuts
